 Dungeon Crawl Stone Soup version 0.31-a0-692-gf03d1854d5 (webtiles) character file.

Game seed: 17430830631907613945

18683 GordonOverkill the Severer (level 12, -20/81 HPs)
             Began as a Tengu Delver on Sept 7, 2023.
             Was a Priest of Trog.
             Demolished by a death scarab (26 damage)
             ... in a Gauntlet.
             The game lasted 00:23:37 (13656 turns).

GordonOverkill the Severer (Tengu Delver)          Turns: 13656, Time: 00:23:38

Health: -20/81     AC: 15    Str: 17    XL:     12   Next: 61%
Magic:  13/13      EV: 12    Int: 12    God:    Trog [***...]
Gold:   914        SH:  0    Dex: 15    Spells: 11/11 levels left

rFire   . . .        B - +2 whip (elec)
rCold   . . .        (no shield)
rNeg    . . .        a - +2 chain mail {rPois}
rPois   +            w - +1 hat
rElec   .            (no cloak)
rCorr   .            y - +0 pair of gloves
SInv    .            (boots unavailable)
Will    +....        (no amulet) Stlth
                     F - ring of willpower
HPRegen 0.33/turn    (no ring)
MPRegen 0.13/turn

%: no teleportation, acrobat
@: on berserk cooldown, flying, slowed, very slow
A: beak, talons 3, evasive flight, acrobatic
a: Renounce Religion, Berserk, Trog's Hand


You were in a Gauntlet.
You worshipped Trog.
Trog was most pleased with you.
You visited 3 branches of the dungeon, and saw 13 of its levels.
You also visited: Sewer, Bailey and Gauntlet.

You collected 1136 gold pieces.
You spent 222 gold pieces at shops.

Inventory:

Hand Weapons
 B - a +2 whip of electrocution (weapon)
 M - a +0 broad axe
Missiles
 u - 29 boomerangs (quivered)
 x - 28 poisoned darts
Armour
 a - a +2 chain mail of poison resistance (worn)
 w - a +1 hat (worn)
 y - a +0 pair of gloves (worn)
Magical Staves
 b - a staff of air
Jewellery
 F - a ring of willpower (left hand)
 K - an amulet of faith
Wands
 g - a wand of digging (7)
 A - a wand of paralysis (10)
 I - a wand of mindburst (4)
 J - a wand of iceblast (6)
 N - a wand of flame (11)
Scrolls
 c - 3 scrolls of fog
 d - a scroll of poison {unknown}
 e - 3 scrolls of enchant armour {unknown}
 h - 9 scrolls of teleportation {unknown}
 j - 3 scrolls of enchant weapon {unknown}
 k - a scroll of noise {unknown}
 n - a scroll of vulnerability {unknown}
 o - 2 scrolls of silence {unknown}
 p - a scroll of blinking {unknown}
 t - 11 scrolls of identify {unknown}
 z - a scroll of amnesia {unknown}
 G - 3 scrolls of fear
 H - a scroll of summoning {unknown}
 L - a scroll of immolation {unknown}
Potions
 f - 2 potions of haste
 i - 5 potions of curing
 l - a potion of cancellation {unknown}
 m - a potion of magic {unknown}
 q - 2 potions of berserk rage {unknown}
 r - 2 potions of attraction {unknown}
 s - a potion of resistance {unknown}
 v - 3 potions of brilliance
 C - a potion of ambrosia {unknown}
 D - 4 potions of enlightenment
 E - 2 potions of lignification {unknown}


   Skills:
 - Level 12.0 Fighting
 - Level 16.0 Axes
 + Level 8.5 Armour
 - Level 2.1 Dodging
 - Level 5.0 Stealth
 - Level 3.0 Evocations


You had 11 spell levels left.
You didn't know any spells.
Your spell library contained the following spells:

 Spells                   Type           Power      Damage    Failure   Level
 Sting                    Tmut/Pois      0%         1d3       95%         1
 Poisonous Vapours        Pois/Air       0%         N/A       98%         2
 Dazzling Flash           Conj/Hex       0%         N/A       100%        3
 Volatile Blastmotes      Fire/Tloc      0%         2d10      100%        3
 Cause Fear               Hex            0%         N/A       100%        4
 Olgreb's Toxic Radiance  Pois           0%         N/A       100%        4
 Fireball                 Conj/Fire      0%         3d3       100%        5
 Starburst                Conj/Fire      0%         6d3       100%        6
 Maxwell's Capacitive Co  Air            0%         ∞         100%        8
 Dragon's Call            Summ           0%         N/A       100%        9


Dungeon Overview and Level Annotations

Branches:
Dungeon (11/15)            Temple (1/1) D:4            Lair (1/5) D:10
    Orc (0/2) D:10          Sewer (visited)          Bailey (visited)
Gauntlet (1/1)

Altars:
Ashenzari
Cheibriados
Dithmenos
Elyvilon
Fedhas
Gozag
Hepliaklqana
Kikubaaqudgha
Makhleb
Nemelex Xobeh
Okawaru
Qazlal
Ru
Sif Muna
Trog
Uskayaw
Vehumet
Wu Jian
Xom
Yredelemnul
Zin
The Shining One

Shops:
D:5 :   D:7 *   D:8 (   D:11 =

Annotations:
D:4 3 runed translucent doors, lis82's ghost, weakling DgAE; mn3067's ghost, novice TrSh
D:6 2 transporters, Opifex's ghost, novice VSHu Gauntlet 11 transporters, exclusion: obsidian statue


Innate Abilities, Weirdness & Mutations

You have a beak for a mouth.
You have claws for feet.
Your magical flight helps you evade attacks. (EV +4)
You can magically evade attacks while moving or waiting.


Message History

The spectral four-headed hydra bites you.
* * * LOW HITPOINT WARNING * * *
The spectral four-headed hydra bites you but does no damage.
The spectral four-headed hydra completely misses you.
The spectral four-headed hydra barely misses you.
Your ogre misses the death scarab.
You whack the spectral four-headed hydra!
You destroy the spectral four-headed hydra!
Trog accepts your kill. The death scarab completely misses you.
The death scarab misses you.
Your Armour skill increases to level 8!
You hit the death scarab but do no damage.
Lightning courses through the death scarab!
You destroy the death scarab!
Trog accepts your kill.
Your life force feels restored.
You swap places.
You feel a strong urge to attack something.
You are no longer berserk.
You are exhausted.
You feel as though you will be slow longer.
Your ogre closely misses the death scarab.
The death scarab completely misses you.
You hit the death scarab but do no damage.
You claw the death scarab! You punch the death scarab.
The death scarab is moderately damaged.
The death scarab bites you!
* * * LOW HITPOINT WARNING * * *
The death scarab drains your vigour!
You feel as though you will be slow longer.
The death scarab draws strength from your injuries!
The death scarab bites you!!
* * * LOW HITPOINT WARNING * * *
The death scarab draws strength from your injuries!
Your ogre closely misses the death scarab.
You hit the death scarab. Your kick misses the death scarab.
Your peck misses the death scarab.
The death scarab is lightly damaged.
The death scarab bites you!!
You die...

############
≈#≈#§#≈#§#≈################
............#≈#≈#≈#≈#≈#≈#≈##
.....8....................§#
............8.....8.....8.##
###########...............§#
#..^#.#...#...#########...##
#..#...#..#...#.@B....#...≈#
#.##w.^##.######.O##..#...##
#$.##.#..##...###..##Z#...§#
#©.#^ ...#©8©#©##©.###©8.##
#?.##.#..##...#)?##..##...≈#
#[##...##w#####[..##..#...##
#..#...#..#...#.......#...≈#
#...#.#..w#...#########...##
###########...............≈#


You could see a swamp worm, a death scarab (ally target) and a friendly ogre
(summoned, berserk).

Vanquished Creatures
  A centaur warrior (D:11)
  3 two-headed ogres
  A death scarab (Gauntlet)
  A spectral hydra (Gauntlet)
  Pikel (D:4)
  A manticore (D:11)
  Jeremiah (D:9)
  An unseen horror (D:11)
  A torpor snail (Lair:1)
  A gargoyle (D:11)
  3 cane toads (Lair:1)
  3 komodo dragons (Lair:1)
  2 dream sheep (Lair:1)
  2 shadows
  5 wyverns
  24 yaks
  6 water moccasins
  An acid dragon (D:7)
  A sky beast (D:7)
  4 black bears (D:10)
  8 orc warriors
  2 ogres
  15 centaurs
  5 wolves
  2 lemures (D:4)
  2 phantoms
  3 kobold brigands
  7 bullfrogs
  2 gnoll sergeants
  2 scorpions
  5 wights (D:7)
  9 killer bees
  5 howler monkeys
  6 orc priests
  2 gnoll boudas (D:7)
  A hound (D:5)
  2 sleepcaps
  2 iguanas
  15 orc wizards
  16 gnolls
  13 adders
  6 river rats (Sewer)
  4 white imps
  2 ufetubi (D:6)
  4 worms
  13 dart slugs
  48 orcs
  8 bats
  4 endoplasms
  6 giant cockroaches
  14 goblins
  12 hobgoblins
  4 jackals (D:5)
  5 quokkas
  21 ball pythons
  4 frilled lizards
  32 kobolds
  29 rats
403 creatures vanquished.

Notes
Turn   | Place    | Note
-------+----------+-------------------------------------------
     0 | D:5      | GordonOverkill the Tengu Delver began the quest for the
                  | Orb.
     0 | D:5      | Reached XP level 1. HP: 14/14 MP: 2/2
     9 | D:5      | Noticed a sleepcap
    63 | D:5      | Reached skill level 3 in Axes
    63 | D:5      | Reached XP level 2. HP: 15/19 MP: 3/3
   169 | D:5      | Reached XP level 3. HP: 15/23 MP: 4/4
   367 | D:3      | Reached skill level 4 in Axes
   517 | D:3      | Reached XP level 4. HP: 18/29 MP: 5/5
   545 | D:3      | Found a glowing drain.
   555 | Sewer    | Entered a sewer
   711 | Sewer    | Reached XP level 5. HP: 33/33 MP: 6/6
   779 | Sewer    | Reached skill level 5 in Axes
   962 | Sewer    | HP: 1/33 [poisoned by an adder]
  1102 | Sewer    | Reached skill level 6 in Axes
  1102 | Sewer    | Reached XP level 6. HP: 20/38 MP: 7/7
  1524 | D:3      | Reached skill level 5 in Fighting
  1677 | D:3      | Found a bloodstained altar of Trog.
  2379 | D:2      | Found a faded altar of an unknown god.
  2913 | D:1      | Gained mutation: Your magical flight helps you evade
                  | attacks. (EV +4) [Tengu growth]
  2913 | D:1      | Reached XP level 7. HP: 41/44 MP: 8/8
  3709 | D:4      | Noticed Pikel
  3749 | D:4      | Reached skill level 7 in Axes
  3966 | D:4      | Reached skill level 8 in Axes
  3972 | D:4      | HP: 2/44 [killer bee (4)]
  4122 | D:4      | Found a staircase to the Ecumenical Temple.
  4183 | Temple   | Entered the Ecumenical Temple
  4377 | D:3      | Became a worshipper of Trog the Wrathful
  4412 | D:4      | Reached skill level 9 in Axes
  4412 | D:4      | Reached XP level 8. HP: 28/49 MP: 9/9
  4645 | D:4      | Paralysed by Pikel for 4 turns
  4671 | D:4      | Killed Pikel
  4672 | D:4      | Reached skill level 10 in Axes
  4672 | D:4      | Reached skill level 1 in Evocations
  4828 | D:4      | Found a runed translucent gate.
  4828 | D:4      | Found a runed translucent gate.
  4828 | D:4      | Found a runed translucent gate.
  4832 | D:4      | Noticed lis82's ghost (weakling DgAE)
  4832 | D:4      | Noticed mn3067's ghost (novice TrSh)
  5327 | D:5      | Reached * piety under Trog
  5504 | D:5      | Found Bomeogim's Book Shoppe.
  5568 | D:5      | Reached XP level 9. HP: 55/55 MP: 10/10
  6126 | D:6      | Found an ancient bone altar of Kikubaaqudgha.
  6149 | D:6      | Found a radiant altar of Vehumet.
  6164 | D:6      | Found a shimmering blue altar of Sif Muna.
  6202 | D:6      | Found a transporter.
  6202 | D:6      | Noticed Opifex's ghost (novice VSHu)
  6203 | D:6      | Found a transporter.
  6278 | D:6      | Found a shimmering altar of Xom.
  6316 | D:6      | Found an iron altar of Okawaru.
  6330 | D:6      | Found a hazy altar of Hepliaklqana.
  6515 | D:6      | Reached skill level 11 in Axes
  6770 | D:7      | Reached skill level 12 in Axes
  6940 | D:7      | Reached XP level 10. HP: 63/63 MP: 11/11
  6943 | D:7      | Reached ** piety under Trog
  7023 | D:7      | Reached skill level 13 in Axes
  7168 | D:7      | Found Narote's Serpentskin Sales.
  7176 | D:7      | Bought a +2 chain mail of poison resistance for 222 gold
                  | pieces
  7368 | D:7      | Found a snail-covered altar of Cheibriados.
  7374 | D:7      | Found a glowing golden altar of the Shining One.
  7375 | D:7      | Found a shadowy altar of Dithmenos.
  7377 | D:7      | Found a broken altar of Ashenzari.
  7378 | D:7      | Found a stormy altar of Qazlal.
  7379 | D:7      | Found a blossoming altar of Fedhas.
  7591 | D:7      | Identified the +1 chain mail "Meyg" {rPois rN+ Dex-4}
  7706 | D:8      | Found Tedd's Weapon Shoppe.
  8409 | D:8      | Reached *** piety under Trog
  8999 | D:9      | Noticed a two-headed ogre
  9008 | D:9      | Killed a two-headed ogre
  9009 | D:9      | Reached skill level 14 in Axes
  9155 | D:9      | Noticed Jeremiah
  9164 | D:9      | Killed Jeremiah
  9846 | D:10     | Entered Level 10 of the Dungeon
  9900 | D:10     | Reached XP level 11. HP: 72/72 MP: 12/12
  9948 | D:10     | Reached skill level 10 in Fighting
  9969 | D:10     | Found a staircase to the Lair.
  9995 | D:10     | Noticed a two-headed ogre
 10002 | D:10     | Killed a two-headed ogre
 10003 | D:10     | Reached skill level 5 in Armour
 10289 | D:10     | Found a staircase to the Orcish Mines.
 10446 | D:10     | Found a flagged portal.
 10459 | Bailey   | Entered a bailey
 10609 | Bailey   | Identified the +4 ring mail of Fortitude {Harm Fly rPois}
 10770 | Bailey   | Reached **** piety under Trog
 10949 | D:10     | Noticed a two-headed ogre
 10956 | D:10     | Killed a two-headed ogre
 11022 | D:10     | Found an ornate altar of the Wu Jian Council.
 11512 | D:11     | Found Velarph's Jewellery Shop.
 11544 | D:11     | Noticed a centaur warrior
 11559 | D:11     | Killed a centaur warrior
 11691 | D:11     | Noticed a manticore
 11707 | D:11     | Killed a manticore
 12538 | D:11     | Reached XP level 12. HP: 81/81 MP: 13/13
 12756 | Lair:1   | Entered Level 1 of the Lair of Beasts
 12782 | Lair:1   | Reached skill level 15 in Axes
 13162 | Lair:1   | Reached skill level 16 in Axes
 13291 | Lair:1   | Found a gate leading to a gauntlet.
 13300 | Gauntlet | Entered a Gauntlet
 13300 | Gauntlet | Found a transporter.
 13454 | Gauntlet | Noticed a death scarab
 13455 | Gauntlet | Noticed a death scarab
 13457 | Gauntlet | Found a transporter.
 13478 | Gauntlet | Found a transporter.
 13482 | Gauntlet | Found a transporter.
 13499 | Gauntlet | Found a transporter.
 13510 | Gauntlet | Noticed a hell hog
 13512 | Gauntlet | Found a transporter.
 13526 | Gauntlet | Found a transporter.
 13537 | Gauntlet | Noticed a death yak
 13537 | Gauntlet | Noticed a death yak
 13537 | Gauntlet | Noticed a death yak
 13541 | Gauntlet | Noticed a death yak
 13555 | Gauntlet | Found a transporter.
 13555 | Gauntlet | Found a transporter.
 13562 | Gauntlet | Found a transporter.
 13593 | Gauntlet | Found a transporter.
 13593 | Gauntlet | Found a transporter.
 13620 | Gauntlet | Found the +9 staff of Olgreb {rPois∞}
 13651 | Gauntlet | Killed a death scarab
 13656 | Gauntlet | Demolished by a death scarab

Illustrated notes

Levels and vault maps discovered:
D:1:      lemuel_arrival_tunnels, layout_basic, minmay_vboxes
D:2:      layout_rooms, hellmonk_ecumenical_altar_heavens_door,
          minmay_misc_feat_ornament, chequers_serial_rivers_marsh
D:3:      layout_loops_corners, general_overflow_altar, gup_sewer_entry_bubbles,
          nicolae_kite_square_tiling_tiny
D:4:      layout_rooms, minmay_temple_entry_waves, gammafunk_ghost_cemetery,
          uniq_pikel
D:5:      kennysheep_slugbush, layout_gridville, serial_shops,
          nicolae_shop_trees
D:6:      layout_rooms, palyth_temple_overflow_mages,
          mainiacjoe_overflow_boulevard, mainiacjoe_overflow_swirl,
          gammafunk_ghost_smash, centaur_isle
D:7:      layout_basic, minitemple, guppyfry_shop_venom
D:8:      layout_layer_cave, serial_shops, shop, hangedman_abyss_or_decor_stabs
D:9:      layout_irregular_city, uniq_jeremiah
D:10:     layout_roguey, nicolae_wu_jian_immortal_techniques,
          minmay_lair_entry_grove, orc_0_dummy, enter_bailey_7
D:11:     layout_stronghold, serial_shops, nicolae_shop_waterfront,
          kennysheep_generic_room_12
Temple:   hellmonk_temple_beads
Lair:1:   layout_cave_pods, gauntlet_entry_generic, nicolae_lair_lil_pond,
          beast_lair_carwin_7, lemuel_fruit_tree
Gauntlet: minmay_gauntlet_mixed_oops_all_seconds
          [minmay_gauntlet_arena_77_mirror, gammafunk_gauntlet_arena_open,
          minmay_gauntlet_arena_77_two_lines, gammafunk_gauntlet_arena_split_x,
          minmay_gauntlet_arena_77_hold_the_fort,
          gammafunk_gauntlet_arena_chambers, dreamdust_gauntlet_exit_labyrinth]

Skill      XL: |  1  2  3  4  5  6  7  8  9 10 11 12 |
---------------+-------------------------------------+-----
Axes           | 3 4 6 9 10 12 14 16 | 16.0
Fighting       | 4 5 7 9 12 | 12.0
Armour         | 3 6 8 |  8.5
Evocations     | 3 |  3.0
Dodging        | |  2.1
Stealth        | |  5.0

Action                     |  1- 3 |  4- 6 |  7- 9 | 10-12 || total
---------------------------+-------+-------+-------+-------++-------
  Melee: Hand axe          |    75 |   123 |       |       ||   198
         Kick              |    19 |    52 |    97 |   204 ||   372
         Peck              |    11 |    29 |    52 |   100 ||   192
         Whip              |       |    72 |   329 |   570 ||   971
         Punch             |       |     4 |     3 |     5 ||    12
  Throw: Boomerang         |       |       |     6 |       ||     6
 Invoke: Berserk           |       |       |     7 |    24 ||    31
         Trog's Hand       |       |       |       |     1 ||     1
         Brothers in Arms  |       |       |       |     1 ||     1
    Use: Potion            |       |     1 |     1 |       ||     2
         Scroll            |       |     1 |       |     1 ||     2
   Stab: Sleeping          |       |     7 |       |     1 ||     8
 Armour: Leather armour    |    31 |    85 |       |       ||   116
         Chain mail        |       |     6 |     5 |   296 ||   307
         Ring mail         |       |       |   177 |    25 ||   202
  Dodge: Dodged            |    49 |   129 |   299 |   334 ||   811

Table legend: (Time is in decaauts)
 A = Elapsed time spent in this place.
 B = Non-inter-level travel time spent in this place.
 C = Inter-level travel time spent in this place.
 D = Time resting spent in this place.
 E = Time spent auto-exploring this place.
 F = Levels seen in this place.
 G = Mean time per level.
                   A        B        C        D        E       F      G
               +--------+--------+--------+--------+--------+-----+--------+
         Total |  13778 |  13032 |    746 |   2880 |   7058 |  16 |  861.1 |
       Dungeon |  11614 |  10869 |    745 |   1979 |   6698 |  11 | 1055.8 |
        Temple |      1 |      0 |      1 |      0 |      0 |   1 |    1.0 |
          Lair |    529 |    529 |      0 |    204 |      0 |   1 |  529.0 |
         Sewer |    864 |    864 |      0 |    394 |     99 |   1 |  864.0 |
        Bailey |    416 |    416 |      0 |    153 |     99 |   1 |  416.0 |
      Gauntlet |    351 |    351 |      0 |    148 |    162 |   1 |  351.0 |
               +--------+--------+--------+--------+--------+-----+--------+

Top non-repeatable levels by time:
    D:11: 1421 daAuts
     D:3: 1286 daAuts
     D:8: 1224 daAuts
     D:4: 1210 daAuts
     D:5: 1098 daAuts
    D:10: 1091 daAuts
     D:6: 915 daAuts
     D:9: 913 daAuts
     D:7: 892 daAuts
   Sewer: 864 daAuts
     D:1: 839 daAuts
     D:2: 721 daAuts
  Lair:1: 529 daAuts
  Bailey: 416 daAuts
Gauntlet: 351 daAuts
